 Dungeon Crawl Stone Soup version 0.24.0-1-gfbc8707 (webtiles) character file.

Game seed: 18079423389198762889, levelgen mode: deterministic

439 Faca the Spear-Bearer (level 7, -2/57 HPs)
             Began as a Merfolk Gladiator on Oct 25, 2019.
             Slain by an ogre
             ... wielding a +0 giant spiked club
              (19 damage)
             ... on level 4 of the Dungeon.
             The game lasted 00:05:48 (3506 turns).

Faca the Spear-Bearer (Merfolk Gladiator)           Turns: 3506, Time: 00:05:49

Health: -2/57      AC:  6    Str: 16    XL:     7   Next: 1%
Magic:  7/7        EV: 13    Int:  7    God:
Gold:   117        SH:  0    Dex: 21    Spells: 6/6 levels left

rFire    . . .     SeeInvis .   r - +0 trident (freeze)
rCold    . . .     Gourm    .   (no shield)
rNeg     . . .     Faith    .   q - +0 ring mail
rPois    .         Spirit   .   c - +0 helmet
rElec    .         Reflect  .   (no cloak)
rCorr    .         Harm     .   (no gloves)
MR       .....                  (no boots)
Stlth    +.........             (no amulet)
HPRegen  0.19/turn              m - +5 ring of dexterity
MPRegen  0.10/turn              (no ring)

@: no status effects
A: change form in water, swift swim, stealthy swim
a: no special abilities


You were on level 4 of the Dungeon.
You were not hungry.

You visited 1 branch of the dungeon, and saw 4 of its levels.

You collected 117 gold pieces.

Inventory:

Hand Weapons
 r - a +0 trident of freezing (weapon)
Missiles
 d - 3 throwing nets (quivered)
Armour
 c - a +0 helmet (worn)
 q - a +0 ring mail (worn)
Jewellery
 m - a +5 ring of dexterity (left hand)
Scrolls
 a - a scroll of fear {unknown}
 g - a scroll of enchant armour {unknown}
 j - 4 scrolls of remove curse {unknown}
 k - a scroll of enchant weapon {unknown}
 l - 6 scrolls of identify {unknown}
 n - 5 scrolls of teleportation {unknown}
Potions
 e - a potion of degeneration {unknown}
 h - 3 potions of haste {unknown}
 i - 3 potions of curing {unknown}
 o - a potion of invisibility {unknown}
 p - a potion of heal wounds {unknown}
Comestibles
 b - 4 chunks of flesh
 f - 10 rations


   Skills:
 + Level 5.8 Fighting
 + Level 8.4 Polearms
 - Level 2.0 Throwing
 - Level 4.0 Dodging


You had 6 spell levels left.
You didn't know any spells.
Your spell library contained the following spells:

 Spells                   Type           Power        Failure   Level  Hunger
 Confusing Touch          Hex            #.....       65%         1    ##.....
 Confuse                  Hex            #.......     95%         3    ####...
 Gell's Gravitas          Tloc           #.........   95%         3    ####...
 Petrify                  Tmut/Erth      #.......     100%        4    #####..
 Metabolic Englaciation   Hex/Ice        #.........   100%        5    ######.
 Yara's Violent Unravell  Hex/Tmut       #.........   100%        5    ######.


Dungeon Overview and Level Annotations

Branches:
Dungeon (4/15)
 Temple: D:4-7

Altars:
Kikubaaqudgha
Nemelex Xobeh
Qazlal
The Shining One


Message History

You hit the ogre. You freeze the ogre.
The ogre is moderately wounded.
You barely miss the ogre.
The ogre is moderately wounded.
The ogre barely misses you.
You barely miss the ogre.
The ogre is moderately wounded.
The ogre hits you with a +0 giant spiked club!
* * * LOW HITPOINT WARNING * * *
You puncture the ogre! You freeze the ogre.
The ogre is severely wounded.
You hit the ogre. You freeze the ogre.
The ogre is almost dead.
The ogre barely misses you.
You barely miss the ogre.
The ogre is almost dead.
You completely miss the ogre.
The ogre is almost dead.
The ogre hits you with a +0 giant spiked club!!
You die...

..# #..# # #..# .#
# #..##.### ##.
#.......# #...
#.....#.#
.....######.......#
......laO@'.......#
.......o###.......#
..#....## #).....##
......# #[###+##
...... #.# #..
..[.. #.###.# ..#..
#.)##.# # '#
#.....# .!
#..##.####.#


You could see an ogre, a worker ant, an orc and a leopard gecko.

Vanquished Creatures
  An ogre (D:4)
  2 scorpions (D:4)
  A hound (D:4)
  An orc priest (D:3)
  3 orc wizards (D:4)
  6 adders
  2 worms
  2 dart slugs
  A leopard gecko (D:3)
  4 orcs
  A ball python (D:3)
  3 bats
  4 giant cockroaches
  8 goblins
  7 hobgoblins
  4 jackals (D:3)
  A quokka (D:3)
  2 frilled lizards
  4 kobolds
  8 rats
65 creatures vanquished.

Notes
Turn   | Place    | Note
-------+----------+-------------------------------------------
     0 | D:1      | Faca the Merfolk Gladiator began the quest for the Orb.
     0 | D:1      | Reached XP level 1. HP: 16/16 MP: 1/1
   121 | D:1      | Reached XP level 2. HP: 23/23 MP: 2/2
   608 | D:1      | Reached skill level 5 in Polearms
   995 | D:2      | Reached XP level 3. HP: 29/29 MP: 3/3
  1682 | D:2      | Found a glowing golden altar of the Shining One.
  1688 | D:2      | Found an ancient bone altar of Kikubaaqudgha.
  2008 | D:3      | Found a sparkling altar of Nemelex Xobeh.
  2189 | D:3      | Reached XP level 4. HP: 25/35 MP: 4/4
  2407 | D:3      | Reached skill level 6 in Polearms
  2754 | D:3      | Found a stormy altar of Qazlal.
  2869 | D:3      | Reached XP level 5. HP: 24/42 MP: 5/5
  3147 | D:4      | Reached skill level 7 in Polearms
  3266 | D:4      | Reached XP level 6. HP: 39/50 MP: 6/6
  3356 | D:4      | Reached skill level 5 in Fighting
  3479 | D:4      | Reached skill level 8 in Polearms
  3491 | D:4      | Reached XP level 7. HP: 57/57 MP: 7/7
  3506 | D:4      | Slain by an ogre

Levels and vault maps discovered:
D:1:      kennysheep_arrival_forest, layout_basic, grunt_decor_mini_mirrors
D:2:      layout_loops_cross, minitemple, patterned_corridor
D:3:      layout_rooms, lemuel_round_altar, first_ration, grunt_qazlal_sundering
D:4:      layout_basic, minmay_temple_entry_sparse_star, minmay_pentangle

Skill      XL: |  1  2  3  4  5  6 |
---------------+-------------------+-----
Polearms       | 5 6 7 8 |  8.4
Fighting       | 3 4 5 |  5.8
Throwing       | |  2.0
Dodging        | |  4.0

Action                   |  1- 3 |  4- 6 |  7- 9 || total
-------------------------+-------+-------+-------++-------
Melee: Trident           |   107 |   147 |    12 ||   266
 Stab: Sleeping          |     2 |       |       ||     2
  Eat: Chunk             |     4 |     4 |       ||     8
Armor: Leather armour    |    12 |       |       ||    12
       Ring mail         |     1 |    50 |       ||    51
Dodge: Dodged            |    65 |   109 |     2 ||   176
